 Dungeon Crawl Stone Soup version 0.17.1-3-g152610e (webtiles) character file.

11919 Chiseanne the Fighter (level 11, -10/94 HPs)
             Began as a Vine Stalker Monk on Mar 9, 2016.
             Was a High Priest of Makhleb.
             Mangled by an ice beast (11 damage)
             ... summoned by Fannar
             ... on level 11 of the Dungeon.
             The game lasted 00:32:52 (8283 turns).

Chiseanne the Fighter (Vine Stalker Monk)           Turns: 8283, Time: 00:32:52

Health: -10/94     AC: 10    Str: 22    XL:     11   Next: 85%
Magic:  0/13       EV: 19    Int: 14    God:    Makhleb [*****.]
Gold:   593        SH: 13    Dex: 22    Spells: 0 memorised, 10 levels left

rFire  . . .     SeeInvis .     a - +3 short sword (elec)
rCold  . . .     Clarity  .     F - +2 robe "Uklugoom" {rCorr Int+4}
rNeg   . . .     SustAt   .     u - +0 shield
rPois  .         Gourm    .     p - +0 helmet
rElec  .         Spirit   +     (no cloak)
rCorr  +         Warding  .     v - +0 pair of gloves
rMut   .         Stasis   .     e - +2 pair of boots
MR     +....                    N - amulet of regeneration
Stlth  ..........               (no ring)
                                n - +5 ring of dexterity

@: berserking, very quick, somewhat resistant to hostile enchantments, extremely
unstealthy
A: fangs 3, regeneration 2, magic shield, antimagic bite, no device heal 3, rot
immunity
a: Minor Destruction, Lesser Servant of Makhleb, Major Destruction, Greater
Servant of Makhleb, Renounce Religion


You were on level 11 of the Dungeon.
You worshipped Makhleb.
Makhleb was extremely pleased with you.
You were hungry.

You visited 2 branches of the dungeon, and saw 12 of its levels.

You collected 593 gold pieces.

Inventory:

Hand Weapons
 a - a +3 short sword of electrocution (weapon)
 d - a +2 scimitar of flaming
 s - a +3 hand axe of chopping
Missiles
 j - 12 javelins (quivered)
 k - 16 sling bullets of flame
 l - 54 poisoned needles
 y - 30 bolts
 K - 15 tomahawks
 O - 2 tomahawks of dispersal
Armour
 e - a +2 pair of boots (worn)
 p - a +0 helmet (worn)
 u - a +0 shield (worn)
 v - a +0 pair of gloves (worn)
 x - a +0 large shield
 F - the +2 robe "Uklugoom" (worn) {rCorr Int+4}
   (You found it on level 6 of the Dungeon)

   It affects your intelligence (+4).
   It protects you from acid and corrosion.
 M - a +2 robe of magic resistance
 P - the +1 leather armour "Zumecar" {rF+ MR- Dex+3}
   (You found it on level 10 of the Dungeon)

   It affects your dexterity (+3).
   It protects you from fire.
   It affects your resistance to hostile enchantments.
Jewellery
 g - an uncursed amulet of clarity
 n - a +5 ring of dexterity (left hand)
 z - an uncursed ring of fire
 N - an amulet of regeneration (around neck)
Scrolls
 c - 4 scrolls of enchant armour
 C - 5 scrolls of remove curse
 E - 3 scrolls of teleportation
 H - a scroll of identify
 Q - a scroll of fog
Potions
 h - 2 potions of cure mutation
 i - 5 potions of curing
 o - a potion of invisibility
 r - 3 potions of haste
 t - a potion of brilliance
 A - 2 potions of might
 L - a potion of magic
 R - a potion of agility
Books
 q - a book of Death

   Spells                             Type                      Level
   a - Corpse Rot                     Necromancy                   2
   b - Sublimation of Blood           Necromancy                   2
   c - Agony                          Necromancy                   5
   d - Dispel Undead                  Necromancy                   5
   e - Excruciating Wounds            Charms/Necromancy            5
   f - Bolt of Draining               Conjuration/Necromancy       5
 w - a Young Poisoner's Handbook

   Spells                             Type                      Level
   a - Sting                          Conjuration/Poison           1
   b - Cure Poison                    Poison                       2
   c - Mephitic Cloud                 Conjuration/Poison/Air       3
   d - Olgreb's Toxic Radiance        Poison                       4
   e - Venom Bolt                     Conjuration/Poison           5
 B - a book of Minor Magic

   Spells                             Type                      Level
   a - Magic Dart                     Conjuration                  1
   b - Blink                          Translocation                2
   c - Call Imp                       Summoning                    2
   d - Repel Missiles                 Charms/Air                   2
   e - Slow                           Hexes                        2
   f - Conjure Flame                  Conjuration/Fire             3
   g - Mephitic Cloud                 Conjuration/Poison/Air       3
Comestibles
 b - 6 bread rations
 f - 5 meat rations
 m - 3 royal jellies
 D - a fruit
 I - 2 beef jerkies
 J - 7 slices of pizza


   Skills:
 - Level 10.0 Fighting
 - Level 4.8 Armour
 * Level 8.3 Dodging
 - Level 2.4 Stealth
 * Level 9.3 Shields
 - Level 4.1 Unarmed Combat
 * Level 2.5 Invocations


You had 10 spell levels left.
You didn't know any spells.

Dungeon Overview and Level Annotations

Branches:
Dungeon (11/15)            Temple (1/1) D:6            Lair (0/8) D:9
    Orc (0/4) D:10

Altars:
Ashenzari
Cheibriados
Dithmenos
Elyvilon
Fedhas
Gozag
Kikubaaqudgha
Makhleb
Nemelex Xobeh
Okawaru
Qazlal
Ru
Sif Muna
Trog
Vehumet
Xom
Yredelemnul
Zin
The Shining One

Annotations:
D:8 exclusion: door
D:11 Fannar


Innate Abilities, Weirdness & Mutations

You have razor-sharp teeth.
You heal very quickly.
When hurt, damage is shared between your health and your magic reserves.
Your bite disrupts and absorbs the magic of your enemies.
Potions and wands cannot restore your health.
You are immune to rotting.


Message History

Fannar is severely wounded.
The giant frog hits you!
Fannar points at you and mumbles some strange words.
The bolt of cold hits you!
* * * LOW HITPOINT WARNING * * *
The bolt of cold hits the ice beast.
The ice beast completely resists.
The giant frog hits you.
* * * LOW HITPOINT WARNING * * *
You block the ice beast's attack. x2
Fannar hits you with a quarterstaff of freezing.
Fannar freezes you.
* * * LOW HITPOINT WARNING * * *
Drink which item? (? for menu, Esc to quit)
A red film seems to cover your vision as you go berserk!
You feel yourself moving faster!
You feel mighty! The giant frog closely misses you.
You block the ice beast's attack. The ice beast hits you.
* * * LOW HITPOINT WARNING * * *
The ice beast freezes you!
You die...

.....#.##.# .....#.##.#
.....#.##.##
...........###
.....#.......# #
.....#.##.#### ..#
.....#.##'##########...#
............^...YF..(...
#....##..!.....Y@e......
#....................#..
#...#................#
#...#................#
#...#.....############
#...#.....# #####.....


You could see Fannar, 2 ice beasts and a giant frog.

Vanquished Creatures
  A hydra (D:11)
  Erica (D:9)
  A death yak (D:9)
  Urug (D:10)
  Pikel (D:9)
  2 hill giants
  An ugly thing (D:11)
  An elephant (D:9)
  A two-headed ogre (D:8)
  Grinder (D:5)
  The ghost of Chiseanne the Ruffian, an amateur VSMo (D:4)
  6 yaks (D:11)
  A hungry ghost (D:7)
  A human (D:7)
  A soldier ant (D:11)
  Edmund (D:4)
  2 wargs (D:10)
  Duvessa (D:5)
  A black bear (D:10)
  A slave (D:9)
  2 sky beasts
  3 phantoms
  4 orc warriors
  An eye of draining (D:10)
  3 ice beasts
  4 ogres
  A crocodile (D:8)
  3 centaurs
  2 big kobolds (D:11)
  6 giant frogs
  Dowan (D:5)
  4 scorpions
  A wyvern skeleton (D:9)
  5 wights (D:8)
  2 giant frog zombies
  9 killer bees
  3 hounds
  A centaur zombie (D:5)
  A quasit (D:9)
  3 crimson imps
  8 orc priests
  2 giant frog skeletons
  Terence (D:2)
  15 orc wizards
  5 worker ants
  4 iguanas
  5 sheep
  A hound zombie (D:11)
  2 hound skeletons
  A worker ant zombie (D:8)
  A gnoll (D:1)
  14 adders
  A shadow imp (D:6)
  2 oozes
  2 adder skeletons
  3 worms
  31 orcs
  6 goblins
  7 hobgoblins
  6 jackals
  18 kobolds
  7 quokkas
  A ball python (D:1)
  8 bats
  4 giant cockroaches
  3 giant geckos
  A giant gecko zombie (D:6)
  7 giant newts
  A jackal zombie (D:9)
  5 rats
  A fungus (D:9)
259 creatures vanquished.

Vanquished Creatures (others)
  An orc wizard (D:9)
1 creature vanquished.

Grand Total: 260 creatures vanquished

Notes
Turn   | Place    | Note
--------------------------------------------------------------
     0 | D:1      | Chiseanne the Vine Stalker Monk began the quest for the Orb.
     0 | D:1      | Reached XP level 1. HP: 11/11 MP: 2/2
   122 | D:1      | Reached XP level 2. HP: 10/16 MP: 3/3
   173 | D:1      | Reached XP level 3. HP: 20/20 MP: 4/4
   889 | D:2      | Reached XP level 4. HP: 18/24 MP: 5/5
  1086 | D:2      | Noticed Terence
  1096 | D:2      | Killed Terence
  1096 | D:2      | Reached XP level 5. HP: 26/29 MP: 6/6
  1238 | D:2      | Found a sacrificial altar of Ru.
  1641 | D:3      | Reached skill level 1 in Armour
  1765 | D:3      | Found an iron altar of Okawaru.
  2053 | D:3      | Gained mutation: You heal very quickly. [Vine Stalker growth]
  2053 | D:3      | Reached XP level 6. HP: 28/33 MP: 5/7
  2153 | D:4      | Noticed Chiseanne's ghost (amateur VSMo)
  2280 | D:4      | Killed Chiseanne's ghost
  2280 | D:4      | Reached skill level 1 in Shields
  2280 | D:4      | Reached XP level 7. HP: 26/38 MP: 8/8
  2302 | D:4      | Reached skill level 5 in Fighting
  2414 | D:4      | Noticed Edmund
  2433 | D:4      | Killed Edmund
  2670 | D:5      | Entered Level 5 of the Dungeon
  2683 | D:5      | Gained mutation: You have razor-sharp teeth. [Vine Stalker growth]
  2683 | D:5      | Reached XP level 8. HP: 39/44 MP: 9/9
  2735 | D:5      | Found a white marble altar of Elyvilon.
  2773 | D:5      | Noticed Grinder
  2795 | D:5      | Killed Grinder
  2930 | D:5      | Reached skill level 6 in Fighting
  3305 | D:5      | Noticed Duvessa
  3305 | D:5      | Noticed Dowan
  3312 | D:5      | Killed Duvessa
  3316 | D:5      | Killed Dowan
  3441 | D:6      | Found a sparkling altar of Nemelex Xobeh.
  3441 | D:6      | Found a glowing golden altar of the Shining One.
  3460 | D:5      | Reached XP level 9. HP: 49/49 MP: 10/10
  3500 | D:6      | Found a shadowy altar of Dithmenos.
  3558 | D:6      | Found a staircase to the Ecumenical Temple.
  3604 | D:6      | Got a crude robe
  3623 | Temple   | Entered the Ecumenical Temple
  3703 | Temple   | Became a worshipper of Makhleb the Destroyer
  3703 | Temple   | Reached * piety under Makhleb
  3703 | Temple   | Reached ** piety under Makhleb
  3715 | Temple   | Identified the +2 robe "Uklugoom" {rCorr Int+4} (You found it on level 6 of the Dungeon)
  3771 | D:6      | Found an opulent altar of Gozag.
  4223 | D:6      | Reached skill level 5 in Shields
  4308 | D:6      | Reached skill level 7 in Fighting
  4581 | D:7      | Found a blossoming altar of Fedhas.
  4874 | D:7      | Reached skill level 5 in Dodging
  5510 | D:8      | Found a deep blue altar of Sif Muna.
  5543 | D:8      | Reached XP level 10. HP: 48/56 MP: 11/11
  5571 | D:8      | Reached skill level 8 in Fighting
  5649 | D:8      | Found a shimmering altar of Xom.
  5654 | D:8      | Noticed an angel
  5655 | D:8      | Found a glowing silver altar of Zin.
  5840 | D:8      | Reached *** piety under Makhleb
  5882 | D:8      | Noticed a hill giant
  5895 | D:8      | Killed a hill giant
  6336 | D:9      | Found a staircase to the Lair.
  6336 | D:9      | Noticed a death yak
  6337 | D:9      | Noticed an elephant
  6455 | D:9      | Noticed Erica
  6467 | D:9      | Killed Erica
  6564 | D:9      | Killed an elephant
  6564 | D:9      | Reached skill level 9 in Fighting
  6582 | D:9      | Killed a death yak
  6582 | D:9      | Reached XP level 11. HP: 39/62 MP: 6/12
  6747 | D:9      | Reached **** piety under Makhleb
  6861 | D:9      | Noticed Pikel
  6876 | D:9      | Killed Pikel
  7134 | D:10     | Entered Level 10 of the Dungeon
  7237 | D:10     | Noticed a hill giant
  7245 | D:10     | Killed a hill giant
  7298 | D:10     | Noticed Urug
  7330 | D:10     | Killed Urug
  7567 | D:10     | Found a staircase to the Orcish Mines.
  7775 | D:10     | Got a faintly humming leather armour
  7789 | D:10     | Identified the +1 leather armour "Zumecar" {rF+ MR- Dex+3} (You found it on level 10 of the Dungeon)
  7916 | D:11     | Reached ***** piety under Makhleb
  7975 | D:11     | Reached skill level 10 in Fighting
  8062 | D:11     | Noticed a four-headed hydra
  8072 | D:11     | Killed a one-headed hydra
  8072 | D:11     | Reached skill level 1 in Invocations
  8268 | D:11     | Noticed Fannar
  8282 | D:11     | HP: 3/63 [giant frog (1)]
  8283 | D:11     | HP: 1/94 [ice beast[Fannar] (3)]
  8283 | D:11     | Mangled by an ice beast

Action                   |  1- 3 |  4- 6 |  7- 9 | 10-12 || total
-------------------------+-------+-------+-------+-------++-------
Melee: Unarmed           |    58 |       |       |       ||    58
       Whip              |    28 |       |       |       ||    28
       Short sword       |    12 |   135 |   279 |   385 ||   811
       Hand axe          |       |       |       |    12 ||    12
       Scimitar          |       |       |       |     5 ||     5
Throw: Javelin           |       |       |       |     4 ||     4
  Use: Scroll            |       |    10 |     8 |     9 ||    27
       Potion            |       |       |       |     3 ||     3
 Stab: Sleeping          |     4 |     3 |     8 |     4 ||    19
       Invisible         |       |       |       |     3 ||     3
       Distracted        |       |       |       |     2 ||     2
  Eat: Chunk             |       |     5 |    10 |     9 ||    24
       Fruit             |       |       |     3 |       ||     3
